 Dungeon Crawl Stone Soup version 0.21.1-1-g345015fe64 (webtiles) character file.

853 Holzbalken the Spear-Bearer (level 8, -11/58 HPs)
             Began as a Merfolk Monk on July 16, 2018.
             Was a Believer of Qazlal.
             Killed by nerve-wracking pain
             ... invoked by a shadow imp
              (13 damage)
             ... on level 4 of the Dungeon.
             The game lasted 00:25:45 (4349 turns).

Holzbalken the Spear-Bearer (Merfolk Monk)          Turns: 4349, Time: 00:25:46

Health: -11/58     AC: 12    Str: 11    XL:     8   Next: 1%
Magic:  8/8        EV: 17    Int:  9    God:    Qazlal [**....]
Gold:   233        SH:  7    Dex: 19    Spells: 7/7 levels left

rFire    . . .     SeeInvis .   a - +0 spear
rCold    + . .     Gourm    .   C - +0 buckler
rNeg     . . .     Faith    .   x - +3 leather armour {rC+}
rPois    .         Spirit   .   t - +0 helmet
rElec    .         Reflect  .   o - +0 cloak
rCorr    .         Harm     .   m - +0 pair of gloves
MR       .....                  j - +2 pair of boots
Stlth    +++.......             (no amulet)
HPRegen  0.19/turn              u - ring of stealth
MPRegen  0.11/turn              (no ring)

@: lethally poisoned (-11 -> -13)
A: change form in water, swift swim, stealthy swim
a: Upheaval, Renounce Religion


You were on level 4 of the Dungeon.
You worshipped Qazlal.
Qazlal was pleased with you.
You were not hungry.

You visited 2 branches of the dungeon, and saw 6 of its levels.

You collected 233 gold pieces.

Inventory:

Hand Weapons
 a - a +0 spear (weapon)
Armour
 b - a +0 robe
 g - a +0 ring mail
 j - a +2 pair of boots (worn)
 l - a cursed +0 leather armour
 m - a +0 pair of gloves (worn)
 o - a +0 cloak (worn)
 t - a +0 helmet (worn)
 x - a +3 leather armour of cold resistance (worn)
 C - a +0 buckler (worn)
Jewellery
 u - a ring of stealth (left hand)
 y - an uncursed amulet of rage
Wands
 B - a wand of clouds (5)
Scrolls
 h - 5 scrolls of teleportation
 n - 2 scrolls of magic mapping {unknown}
 p - 2 scrolls of remove curse
 v - 3 scrolls of enchant armour
Potions
 d - 3 potions of heal wounds
 e - 2 potions of might
 f - a potion of curing {unknown}
 i - a potion of lignification {unknown}
 k - a potion of agility {unknown}
 r - 2 potions of brilliance
 A - a potion of flight {unknown}
Books
 s - a book of Misfortune

   Spells                             Type                      Level
   a - Confusing Touch                Hexes                        1
   b - Confuse                        Hexes                        3
   c - Gell's Gravitas                Translocation                3
   d - Petrify                        Transmutation/Earth          4
   e - Metabolic Englaciation         Hexes/Ice                    5
   f - Yara's Violent Unravelling     Hexes/Transmutation          5
 w - a book of Minor Magic

   Spells                             Type                      Level
   a - Magic Dart                     Conjuration                  1
   b - Blink                          Translocation                2
   c - Call Imp                       Summoning                    2
   d - Slow                           Hexes                        2
   e - Conjure Flame                  Conjuration/Fire             3
   f - Mephitic Cloud                 Conjuration/Poison/Air       3
Comestibles
 c - 7 rations
 z - 8 chunks of flesh


   Skills:
 - Level 3.2 Fighting
 * Level 10.9 Polearms
 + Level 7.6 Dodging
 - Level 2.1 Stealth
 * Level 0.9 Shields


You had 7 spell levels left.
You didn't know any spells.

Dungeon Overview and Level Annotations

Branches:
Dungeon (5/15)             Temple (1/1) D:4

Altars:
Ashenzari
Cheibriados
Dithmenos
Elyvilon
Gozag
Hepliaklqana
Kikubaaqudgha
Makhleb
Nemelex Xobeh
Qazlal
Ru
Sif Muna
Trog
Wu Jian
Xom
Zin

Annotations:
D:5 Menkaure


Message History

There is a stone staircase leading down here.
You hit the shadow imp but do no damage.
You feel sick.
The shadow imp hits you but does no damage.
You hit the shadow imp but do no damage.
The shadow imp gestures at you. Pain shoots through your body!
* * * LOW HITPOINT WARNING * * *
You hit the shadow imp but do no damage.
You closely miss the shadow imp. The shadow imp gestures at you.
Pain shoots through your body!
* * * LOW HITPOINT WARNING * * *
You hit the shadow imp.
The shadow imp is moderately wounded.
You puncture the shadow imp!
The shadow imp is almost dead.
The shadow imp gestures at you. Pain shoots through your body!
You die...

#.##..# #............# #.##..#
#.########...# #.##..# #.# #...#
# #.##..### #.# #...# #
#.##..#.## #.########...# #
#.##...#.## #............########
#.....###.###..#####.##..........
####.## ##.....#####.###.########
......###.......@5.#.# #.#
.###...#.......###.#.# #.# ##
####.######.###.#.###.# # ###
#...........# # #############


You could see a shadow imp.

Vanquished Creatures
  Grinder (D:4)
  Eustachio (D:4)
  An ogre (D:4)
  A howler monkey (D:4)
  A hound (D:4)
  An orc priest (D:3)
  An orc wizard (D:3)
  Ijyb (D:4)
  4 worker ants
  A worker ant zombie (D:5)
  6 adders
  4 gnolls (D:3)
  An ooze (D:1)
  A worm (D:5)
  6 leopard geckos
  5 orcs
  6 giant cockroaches
  13 goblins
  5 hobgoblins
  3 jackals (D:4)
  3 quokkas
  4 bats
  3 frilled lizards
  A jackal skeleton (D:4)
  8 kobolds
  5 rats
87 creatures vanquished.

Notes
Turn   | Place    | Note
-------+----------+-------------------------------------------
     0 | D:1      | Holzbalken the Merfolk Monk began the quest for the Orb.
     0 | D:1      | Reached XP level 1. HP: 18/18 MP: 1/1
   256 | D:1      | Reached skill level 5 in Polearms
   256 | D:1      | Reached XP level 2. HP: 24/24 MP: 2/2
   704 | D:2      | Reached XP level 3. HP: 29/29 MP: 3/3
  1155 | D:2      | Reached skill level 6 in Polearms
  1276 | D:2      | Reached XP level 4. HP: 33/35 MP: 4/4
  1409 | D:2      | Reached skill level 5 in Dodging
  1424 | D:2      | Found a faded altar of an unknown god.
  1860 | D:3      | Reached skill level 7 in Polearms
  1860 | D:3      | Reached XP level 5. HP: 21/41 MP: 5/5
  2536 | D:3      | Found a bloodstained altar of Trog.
  2569 | D:3      | Reached skill level 8 in Polearms
  2903 | D:4      | Found a staircase to the Ecumenical Temple.
  2970 | Temple   | Entered the Ecumenical Temple
  2974 | Temple   | Became a worshipper of Qazlal Stormbringer
  2974 | Temple   | Reached * piety under Qazlal
  2974 | Temple   | Reached ** piety under Qazlal
  3053 | D:4      | Noticed Eustachio
  3189 | D:4      | Killed Eustachio
  3189 | D:4      | Reached XP level 6. HP: 35/47 MP: 6/6
  3346 | D:4      | Reached skill level 9 in Polearms
  3549 | D:4      | Noticed Grinder
  3567 | D:4      | Killed Grinder
  3567 | D:4      | Reached skill level 10 in Polearms
  3567 | D:4      | Reached XP level 7. HP: 52/52 MP: 7/7
  3624 | D:4      | Found a shadowy altar of Dithmenos.
  4134 | D:4      | Noticed Ijyb
  4153 | D:4      | Killed Ijyb
  4280 | D:5      | Entered Level 5 of the Dungeon
  4322 | D:5      | Noticed Menkaure
  4336 | D:5      | Reached XP level 8. HP: 54/58 MP: 8/8
  4347 | D:4      | HP: 2/58 [shadow imp/nerve-wracking pain (14)]
  4349 | D:4      | Killed from afar by a shadow imp

Skill      XL: |  1  2  3  4  5  6 |
---------------+-------------------+-----
Polearms       | 5 6 7 8 10 | 10.9
Dodging        | 5 6 7 |  7.6
Fighting       | |  3.2
Stealth        | |  2.1
Shields        | |  0.9

Action                   |  1- 3 |  4- 6 |  7- 9 || total
-------------------------+-------+-------+-------++-------
Melee: Spear             |   128 |   294 |   137 ||   559
       Tailslap          |       |       |     1 ||     1
  Use: Scroll            |     2 |     2 |     3 ||     7
 Stab: Sleeping          |     3 |       |       ||     3
  Eat: Chunk             |     1 |     7 |     3 ||    11
Armor: Ring mail         |    25 |    69 |       ||    94
       Leather armour    |       |     8 |    21 ||    29
Dodge: Dodged            |    49 |   133 |    54 ||   236
Block: Other             |       |     4 |     3 ||     7
       Buckler           |       |       |     7 ||     7
